 Dungeon Crawl Stone Soup version 0.21-a0-267-ga5fc350 (webtiles) character file.

728 Cecillian the Quickloader (level 8, -2/49 HPs)
             Began as a Kobold Hunter on Sept 12, 2017.
             Shot with an arrow by a centaur (7 damage)
             ... on level 5 of the Dungeon.
             The game lasted 00:13:12 (6913 turns).

Cecillian the Quickloader (Kobold Hunter)           Turns: 6913, Time: 00:13:13

Health: -2/49      AC:  8    Str: 11    XL:     8   Next: 3%
Magic:  8/8        EV: 15    Int: 12    God:
Gold:   367        SH:  0    Dex: 16    Spells: 7/7 levels left

rFire    . . .     SeeInvis .   a - +2 hand crossbow
rCold    . . .     Gourm    .   (shield restricted)
rNeg     . . .     Faith    .   y - +3 leather armour
rPois    .         Spirit   .   g - +0 helmet
rElec    .         Reflect  .   (no cloak)
rCorr    .         Harm     .   m - +0 pair of gloves
MR       .....                  (no boots)
Stlth    ++........             n - amulet of magic regeneration
HPRegen  0.16/turn              (no ring)
MPRegen  0.36/turn              (no ring)

@: no status effects
A: carnivore 3
a: no special abilities


You were on level 5 of the Dungeon.
You were completely stuffed.

You visited 1 branch of the dungeon, and saw 5 of its levels.

You collected 367 gold pieces.

Inventory:

Hand Weapons
 a - a +2 hand crossbow (weapon)
 b - a +0 short sword
 s - a +0 hunting sling
Missiles
 d - 9 bolts (quivered)
 p - 116 stones
 u - 26 poisoned needles
 w - 74 sling bullets
 x - 3 tomahawks
 F - 3 throwing nets
Armour
 g - a +0 helmet (worn)
 m - a +0 pair of gloves (worn)
 y - a +3 leather armour (worn)
Jewellery
 n - an amulet of magic regeneration (around neck)
 v - an uncursed ring of ice
Wands
 c - a wand of acid (5/15)
 i - a wand of polymorph (11/24)
 C - a wand of paralysis (8/24)
Scrolls
 e - 3 scrolls of remove curse
 h - a scroll of enchant armour {unknown}
 l - 3 scrolls of teleportation
 q - a scroll of amnesia {unknown}
 t - 4 scrolls of fear
 B - a scroll of noise {unknown}
Potions
 j - a potion of haste
 k - a potion of might
 o - 2 potions of magic
 r - a potion of mutation {unknown}
 z - a potion of heal wounds
 A - 2 potions of ambrosia
Comestibles
 f - 3 meat rations
 D - 2 royal jellies


   Skills:
 + Level 5.1 Fighting
 * Level 8.9 Crossbows
 - Level 2.4 Armour
 - Level 2.4 Dodging
 - Level 1.3 Stealth


You had 7 spell levels left.
You didn't know any spells.

Dungeon Overview and Level Annotations

Branches:
Dungeon (5/15)
 Temple: D:4-7

Altars:
Ashenzari
Fedhas
Gozag
Hepliaklqana
Makhleb
Qazlal
Sif Muna
Trog
Uskayaw
Wu Jian
Yredelemnul


Innate Abilities, Weirdness & Mutations

You are small and have problems with some larger weapons.
You are carnivorous and can eat meat at any time.


Message History

Aim: a centaur, wielding a shortbow You shoot a bolt.
The bolt hits the centaur.
The centaur is lightly wounded.
The centaur shoots an arrow.
The arrow hits you.
The centaur shoots an arrow.
The arrow hits you!
Firing (i - inventory. (,) - cycle):
d - 11 bolts (quivered)
Press: ? - help, Shift-Dir - straight line, f/p - centaur
Aim: a centaur, wielding a shortbow (lightly wounded)
You shoot a bolt. The bolt barely misses the centaur.
The centaur shoots an arrow.
The arrow hits you!
Firing (i - inventory. (,) - cycle):
d - 10 bolts (quivered)
Press: ? - help, Shift-Dir - straight line, f/p - centaur
Aim: a centaur, wielding a shortbow (lightly wounded)
You shoot a bolt. The bolt hits the centaur!
The centaur is heavily wounded.
The centaur shoots an arrow.
The arrow hits you!
The centaur shoots an arrow.
The arrow hits you!
* * * LOW HITPOINT WARNING * * *
The centaur shoots an arrow.
The arrow hits you!
You die...

#.# #.# #.#
#.# #.# #.#
#.# #.#
###.###.#
#.^..##.#
#.#≈≈.##.#
#^≈_..##.#####
#§≈.≈......@(#
#.≈.≈.##.###(#
...........#
#.#
#.....P.####
#.# #.#.P.P.#
... ...PP_P.#
#.# ..PPPP..
#c# ...P P#
#.# #(#


You could see a centaur.

Vanquished Creatures
  The ghost of elan the Ruffian, an amateur TrTm (D:4)
  A crimson imp (D:5)
  2 orc priests
  4 orc wizards
  Jessica (D:2)
  2 worker ants
  A howler monkey zombie (D:3)
  A worker ant zombie (D:5)
  6 adders
  An ooze (D:1)
  2 worms
  A dart slug (D:3)
  5 leopard geckos
  19 orcs
  4 giant cockroaches
  8 goblins
  11 hobgoblins
  8 jackals
  6 quokkas
  3 ball pythons (D:2)
  13 bats
  5 frilled lizards
  15 kobolds
  A leopard gecko skeleton (D:4)
  12 rats
133 creatures vanquished.

Vanquished Creatures (others)
  An orc wizard (D:3)
1 creature vanquished.

Grand Total: 134 creatures vanquished

Notes
Turn   | Place    | Note
-------+----------+-------------------------------------------
     0 | D:1      | Cecillian the Kobold Hunter began the quest for the Orb.
     0 | D:1      | Reached XP level 1. HP: 12/12 MP: 1/1
   110 | D:1      | Reached skill level 5 in Crossbows
   110 | D:1      | Reached XP level 2. HP: 15/18 MP: 2/2
   474 | D:1      | Reached skill level 1 in Armour
   626 | D:1      | Reached XP level 3. HP: 13/22 MP: 3/3
  1554 | D:2      | Found an ornate altar of the Wu Jian Council.
  1554 | D:2      | Found a hazy altar of Hepliaklqana.
  1554 | D:2      | Found a bloodstained altar of Trog.
  1554 | D:2      | Found a hide-covered altar of Uskayaw.
  1576 | D:2      | Reached XP level 4. HP: 15/28 MP: 4/4
  1577 | D:2      | Found an opulent altar of Gozag.
  1965 | D:2      | Noticed Jessica
  1972 | D:2      | Killed Jessica
  2015 | D:2      | Found a basalt altar of Yredelemnul.
  2035 | D:2      | Reached XP level 5. HP: 29/32 MP: 5/5
  2801 | D:3      | Found a burning altar of Makhleb.
  2934 | D:3      | Found a shattered altar of Ashenzari.
  2962 | D:3      | Reached skill level 6 in Crossbows
  3757 | D:3      | Reached XP level 6. HP: 35/38 MP: 6/6
  4139 | D:3      | Found a deep blue altar of Sif Muna.
  4964 | D:4      | Reached skill level 7 in Crossbows
  5221 | D:4      | Noticed elan's ghost (amateur TrTm)
  5271 | D:4      | Killed elan's ghost
  5271 | D:4      | Reached skill level 8 in Crossbows
  5271 | D:4      | Reached XP level 7. HP: 20/44 MP: 7/7
  6069 | D:4      | Found a bloodstained altar of Trog.
  6163 | D:5      | Entered Level 5 of the Dungeon
  6273 | D:5      | Reached skill level 5 in Fighting
  6814 | D:5      | Reached XP level 8. HP: 49/49 MP: 8/8
  6894 | D:5      | Found a stormy altar of Qazlal.
  6900 | D:5      | Found a blossoming altar of Fedhas.
  6913 | D:5      | Shot with an arrow by a centaur

Vault maps used:
D:1:      dpeg_arrival_long_road, serial_aquarium, aquarium_bridge_square,
          aquarium_window_1, aquarium_window_fake, aquarium_window_2,
          aquarium_view_2g, minmay_close_crescents
D:2:      grunt_temple_overflow_open, yredelemnul_altar_generic, first_bread,
          kennysheep_generic_room_6, uniq_jessica
D:3:      cheibrodos_ashenzari_chains, led_sif_book, lightli_temple_of_fire
D:4:      cheibrodos_pilgrimage, minmay_misc_feat_plants, trog_hazing_becter
D:5:      grunt_temple_overflow_forces_of_nature, kennysheep_vampire_church

Skill      XL: |  1  2  3  4  5  6  7 |
---------------+----------------------+-----
Crossbows      | 5 6 8 |  8.9
Armour         | 1 2 |  2.4
Fighting       | 3 4 5 |  5.1
Dodging        | |  2.4
Stealth        | |  1.3

Action                   |  1- 3 |  4- 6 |  7- 9 || total
-------------------------+-------+-------+-------++-------
Melee: Short sword       |   114 |   250 |   106 ||   470
 Fire: Hand crossbow     |    11 |    56 |    47 ||   114
       Hunting sling     |       |    69 |    19 ||    88
Throw: Stone             |       |     1 |     9 ||    10
  Use: Scroll            |       |     9 |     3 ||    12
       Potion            |       |     3 |     1 ||     4
 Stab: Sleeping          |     7 |     2 |     2 ||    11
       Distracted        |       |     1 |       ||     1
  Eat: Chunk             |    10 |    11 |     7 ||    28
Armor: Leather armour    |    34 |    62 |    36 ||   132
       Ring mail         |       |    31 |       ||    31
       Skin              |       |       |    48 ||    48
Dodge: Dodged            |   107 |   255 |   125 ||   487

Table legend:
 A = Spawn XP
 B = Non-spawn XP
 C = Spawn XP percentage of total XP
 D = Spawn monster count
 E = Non-spawn monster count
 F = Spawn count percentage of total count
 G = Total turns spent on level
                    A         B        C        D         E        F      G
               +---------+---------+-------+---------+---------+-------+---------
         Total |       0 |    1041 |   0.0 |       0 |     134 |   0.0 |  6913
               +---------+---------+-------+---------+---------+-------+---------
           D:1 |       0 |      48 |   0.0 |       0 |      27 |   0.0 |  1687
           D:2 |       0 |     116 |   0.0 |       0 |      29 |   0.0 |  1184
           D:3 |       0 |     214 |   0.0 |       0 |      39 |   0.0 |  1786
           D:4 |       0 |     484 |   0.0 |       0 |      26 |   0.0 |  1506
           D:5 |       0 |     179 |   0.0 |       0 |      13 |   0.0 |   750
               +---------+---------+-------+---------+---------+-------+---------
